 Dungeon Crawl Stone Soup version 0.31.0-12-g77e489cdc1 (webtiles) character file.

Game seed: 6736425930205119066

24172 gohu the Severer (level 12, -9/110 HPs)
             Began as a Minotaur Fighter on Feb 18, 2024.
             Was a High Priest of Trog.
             Succumbed to a cane toad's poison
             ... on level 5 of the Lair of Beasts.
             The game lasted 00:27:03 (13178 turns).

gohu the Severer (Minotaur Fighter)                Turns: 13178, Time: 00:27:03

Health: -9/110     AC: 22    Str: 32    XL:     12   Next: 78%
Magic:  11/11      EV:  8    Int:  5    God:    Trog [*****.]
Gold:   458        SH:  5    Dex:  8    Spells: 11/11 levels left

rFire   + . .        O - +3 morningstar
rCold   . . .        c - +0 buckler
rNeg    . . .        b - +0 plate armour
rPois   .            (helmet restricted)
rElec   .            j - +0 cloak
rCorr   .            q - +2 pair of gloves
SInv    +            L - +0 pair of boots
Will    .....        H - amulet of the acrobat Stlth
                     s - +6 ring of strength
HPRegen 0.38/turn    K - ring of protection from fire
MPRegen 0.12/turn

%: acrobat
@: lethally poisoned (-9 -> -57), on berserk cooldown, slowed, very slow
A: horns 2, retaliatory headbutt, see invisible, clumsy 1
a: Renounce Religion, Berserk, Trog's Hand, Brothers in Arms


You were on level 5 of the Lair of Beasts.
You worshipped Trog.
Trog was extremely pleased with you.
You visited 3 branches of the dungeon, and saw 18 of its levels.

You collected 590 gold pieces.
You spent 132 gold pieces at shops.

Inventory:

Hand Weapons
 N - a +1 heavy war axe
 O - a +3 morningstar (weapon)
Missiles
 f - 4 silver javelins
 m - 14 poisoned darts
 u - 2 throwing nets
 y - 19 boomerangs (quivered)
 V - 12 curare-tipped darts
 W - 2 atropa-tipped darts
Armour
 b - a +0 plate armour (worn)
 c - a +0 buckler (worn)
 j - a +0 cloak (worn)
 l - a +0 pair of gloves
 q - a +2 pair of gloves (worn)
 L - a +0 pair of boots (worn)
 Y - a +0 chain mail
Jewellery
 e - a ring of fire
 s - a +6 ring of strength (left hand)
 x - a ring of flight
 H - an amulet of the acrobat (around neck)
 K - a ring of protection from fire (right hand)
 Z - a ring of ice
Wands
 B - a wand of iceblast (26)
 Q - a wand of polymorph (19)
 S - a wand of flame (21)
 U - a wand of mindburst (23)
Scrolls
 a - a scroll of silence
 g - 2 scrolls of noise
 h - 3 scrolls of amnesia {unknown}
 i - a scroll of poison
 o - 7 scrolls of teleportation
 p - a scroll of fog
 v - a scroll of brand weapon
 w - a scroll of torment
 C - a scroll of summoning {unknown}
 G - 2 scrolls of revelation {unknown}
 P - a scroll of vulnerability {unknown}
 X - a scroll of enchant armour {unknown}
Potions
 d - 3 potions of resistance {unknown}
 k - 3 potions of heal wounds {unknown}
 n - 2 potions of degeneration {unknown}
 r - 2 potions of magic {unknown}
 t - 2 potions of cancellation
 z - 2 potions of brilliance {unknown}
 A - 3 potions of curing
 D - a potion of haste {unknown}
 E - 4 potions of enlightenment {unknown}
 F - 2 potions of might
 I - 2 potions of ambrosia {unknown}
 J - 4 potions of lignification {unknown}
 M - a potion of attraction {unknown}
 R - a potion of mutation


   Skills:
 + Level 11.6 Fighting
 - Level 17.1 Axes
 + Level 5.1 Throwing
 + Level 13.1 Armour
 + Level 8.5 Shields
 + Level 1.1 Evocations


You had 11 spell levels left.
You didn't know any spells.
Your spell library was empty.

Dungeon Overview and Level Annotations

Branches:
Dungeon (13/15)            Temple (1/1) D:4            Lair (5/5) D:11
    Orc (0/2) D:9
  Swamp: Lair:2-3    Shoals: Lair:2-3     Snake: Lair:2-3    Spider: Lair:2-3
  Slime: Lair:4-5    Vaults: D:13-14

Altars:
Ashenzari
Cheibriados
Dithmenos
Elyvilon
Fedhas
Gozag
Hepliaklqana
Kikubaaqudgha
Makhleb
Nemelex Xobeh
Okawaru
Qazlal
Ru
Sif Muna
Trog
Uskayaw
Vehumet
Wu Jian
Xom
Yredelemnul
Zin
The Shining One

Shops:
D:5 !

Portals:
Trove: D:11 (show abyssal rune of Zot)

Annotations:
D:10 3 runed translucent doors, Longtemps's ghost, journeyman OnCK


Innate Abilities, Weirdness & Mutations

You have a pair of horns on your head.
You reflexively headbutt those who attack you in melee.
You have supernaturally acute eyesight. (SInv)
You are clumsy. (Dex -2)


Message History

The water moccasin completely misses you.
Okay, then.
Your surroundings suddenly seem different.
A black mamba and a cane toad come into view.
Found a stone staircase leading up.
The black mamba hisses angrily.
The cane toad gives a loud, deep croak!
The cane toad stings you but does no damage.
The cane toad closely misses you. You furiously retaliate!
You headbutt the cane toad!!
A six-headed hydra comes into view.
Your skin stops crawling.
You feel less strong-willed.
The six-headed hydra roars!
The black mamba attacks as it pursues you!
The black mamba closely misses you. The cane toad stings you!
* * * LOW HITPOINT WARNING * * *
The black mamba completely misses you. The cane toad stings you!
* * * LOW HITPOINT WARNING * * *
The black mamba barely misses you.
A water moccasin comes into view.
The water moccasin hisses angrily.
The black mamba bites you.
* * * LOW HITPOINT WARNING * * *
The cane toad closely misses you. You furiously retaliate!
You headbutt the cane toad!
You feel better. The black mamba bites you.
* * * LOW HITPOINT WARNING * * *
You are lethally poisoned!
The black mamba poisons you!
The black mamba bites you but does no damage.
The cane toad stings you!
* * * LOW HITPOINT WARNING * * *
You are more poisoned.
The cane toad poisons you!
You block the six-headed hydra's attack.
The six-headed hydra bites you but does no damage. x5
The black mamba bites you but does no damage.
Okay, then.
As you read the scroll labelled XAG LOMPUHAO, it dissolves into smoke.
It was a scroll of fog.
You die...

#... .# ##...##
.#### .
.##.....##....#..
........#....P
.....##...#..
#.##.......#
......§....#
#...§FS§.#
#.⌠.§@§#..#
#....§D§§..#
.....§.S....+
............#
.##.⌠.⌠.....#
#.....#...#
..........#
..#......###


You could see a six-headed hydra, a black mamba, a cane toad and a water
moccasin.

Vanquished Creatures
  A hydra (Lair:2)
  3 death yaks (D:11)
  Nergalle (Lair:1)
  Sonja (Lair:3)
  A skyshark (Lair:2)
  A cyclops (D:11)
  A manticore (D:11)
  6 elephants (Lair:5)
  A gargoyle (D:10)
  2 black mambas
  8 cane toads
  2 komodo dragons
  2 unseen horrors (D:11)
  A hornet (D:9)
  Prince Ribbit (D:7)
  A troll (D:10)
  10 blink frogs
  A slime creature (D:12)
  Sigmund (D:6)
  22 yaks
  A shadow (D:10)
  2 wyverns
  A wraith (D:11)
  4 steam dragons
  A vampire mosquito (D:12)
  6 water moccasins
  5 orc warriors
  An ice beast (D:6)
  A sky beast (D:7)
  2 black bears
  3 ogres
  11 wolves (Lair:1)
  A centaur (D:10)
  5 bullfrogs
  A kobold brigand (D:11)
  3 scorpions
  8 wights
  21 killer bees
  3 howler monkeys
  7 hounds
  4 jellies
  6 orc priests
  3 bombardier beetles
  A gnoll bouda (D:5)
  12 orc wizards
  3 sleepcaps
  3 iguanas
  A hell rat (D:11)
  7 adders
  4 river rats (D:11)
  5 shadow imps
  2 ufetubi (D:6)
  A ribbon worm (D:2)
  47 orcs
  2 ball pythons
  5 bats
  9 endoplasms
  2 giant cockroaches
  8 goblins
  6 hobgoblins
  8 jackals
  4 kobolds
  8 quokkas
  4 frilled lizards
  8 rats
317 creatures vanquished.

Notes
Turn   | Place    | Note
-------+----------+-------------------------------------------
     0 | D:1      | gohu the Minotaur Fighter began the quest for the Orb.
     0 | D:1      | Reached XP level 1. HP: 19/19 MP: 0/0
    66 | D:1      | Reached XP level 2. HP: 22/27 MP: 1/1
   195 | D:1      | Reached skill level 3 in Axes
   419 | D:1      | Reached XP level 3. HP: 33/33 MP: 2/2
  1961 | D:2      | Reached skill level 4 in Axes
  1961 | D:2      | Reached XP level 4. HP: 40/40 MP: 3/3
  2052 | D:3      | Found a shimmering altar of Xom.
  2537 | D:4      | Noticed an ogre
  2541 | D:4      | Killed an ogre
  2542 | D:4      | Reached skill level 5 in Axes
  2542 | D:4      | Reached XP level 5. HP: 47/47 MP: 4/4
  2574 | D:4      | Found a bloodstained altar of Trog.
  2659 | D:4      | Found a staircase to the Ecumenical Temple.
  2668 | Temple   | Entered the Ecumenical Temple
  2722 | D:4      | Became a worshipper of Trog the Wrathful
  2750 | D:4      | Reached skill level 6 in Axes
  2750 | D:4      | Reached XP level 6. HP: 49/53 MP: 5/5
  2758 | D:5      | Entered Level 5 of the Dungeon
  2785 | D:4      | Gained mutation: You are strong-willed. (Will+) [potion of
                  | mutation]
  2785 | D:4      | Gained mutation: Your spells are a little harder to cast,
                  | but a little more powerful. [potion of mutation]
  2785 | D:4      | Gained mutation: You are vulnerable to cold. (rC-) [potion
                  | of mutation]
  3065 | D:4      | Found a broken altar of Ashenzari.
  3348 | D:4      | Found an opulent altar of Gozag.
  3440 | D:5      | Identified the +11 long sword of the Candle {venom, rElec
                  | rN+ Will+ MP+9}
  3482 | D:5      | Reached skill level 7 in Axes
  3552 | D:5      | Reached skill level 5 in Armour
  3825 | D:5      | Reached XP level 7. HP: 60/60 MP: 6/6
  3937 | D:5      | Found Bazuceip's Distillery.
  3944 | D:5      | Bought a potion of might for 44 gold pieces
  3944 | D:5      | Bought a potion of cancellation for 88 gold pieces
  4066 | D:5      | Reached skill level 8 in Axes
  4119 | D:5      | Reached * piety under Trog
  4196 | D:6      | Reached skill level 5 in Fighting
  4448 | D:5      | Reached skill level 9 in Axes
  4624 | D:5      | Reached XP level 8. HP: 68/68 MP: 7/7
  4782 | D:6      | Reached skill level 1 in Throwing
  5017 | D:6      | Found a snail-covered altar of Cheibriados.
  5230 | D:7      | Noticed Prince Ribbit
  5236 | D:6      | Reached skill level 10 in Axes
  5405 | D:6      | Reached skill level 11 in Axes
  5458 | D:6      | Noticed Sigmund
  5461 | D:6      | Killed Sigmund
  5461 | D:6      | Reached ** piety under Trog
  5544 | D:7      | Reached XP level 9. HP: 73/75 MP: 8/8
  5642 | D:7      | Killed Prince Ribbit
  5643 | D:7      | Reached skill level 12 in Axes
  5643 | D:7      | Reached skill level 5 in Shields
  6426 | D:6      | Found a white marble altar of Elyvilon.
  6426 | D:6      | Found an ornate altar of the Wu Jian Council.
  6819 | D:8      | Found an iron altar of Okawaru.
  6953 | D:8      | Reached skill level 13 in Axes
  7408 | D:8      | Found a hazy altar of Hepliaklqana.
  7415 | D:8      | Reached XP level 10. HP: 48/86 MP: 9/9
  7609 | D:8      | Found a blossoming altar of Fedhas.
  7694 | D:8      | Found a shadowy altar of Dithmenos.
  7699 | D:8      | Found a basalt altar of Yredelemnul.
  8061 | D:9      | Found an ancient bone altar of Kikubaaqudgha.
  8144 | D:9      | Reached *** piety under Trog
  8262 | D:9      | Lost mutation: Your spells are a little harder to cast, but
                  | a little more powerful. [potion of mutation]
  8262 | D:9      | Lost mutation: You are strong-willed. (Will+) [potion of
                  | mutation]
  8262 | D:9      | Gained mutation: You are agile. (Dex +4, Str/Int -1)
                  | [potion of mutation]
  8262 | D:9      | Gained mutation: You are very agile. (Dex +8, Str/Int -2)
                  | [potion of mutation]
  8262 | D:9      | Gained mutation: You have a pair of large horns on your
                  | head. [potion of mutation]
  8263 | D:9      | Lost mutation: You have a pair of large horns on your head.
                  | [potion of mutation]
  8263 | D:9      | Lost mutation: You are very agile. (Dex +8, Str/Int -2)
                  | [potion of mutation]
  8263 | D:9      | Lost mutation: You are agile. (Dex +4, Str/Int -1) [potion
                  | of mutation]
  8263 | D:9      | Gained mutation: Armour fits poorly on your strangely
                  | shaped body. [potion of mutation]
  8263 | D:9      | Lost mutation: Armour fits poorly on your strangely shaped
                  | body. [potion of mutation]
  8263 | D:9      | Gained mutation: You are resistant to electric shocks.
                  | (rElec) [potion of mutation]
  8264 | D:9      | Lost mutation: You are resistant to electric shocks.
                  | (rElec) [potion of mutation]
  8264 | D:9      | Lost mutation: You are vulnerable to cold. (rC-) [potion of
                  | mutation]
  8264 | D:9      | Gained mutation: You have supernaturally acute eyesight.
                  | (SInv) [potion of mutation]
  8264 | D:9      | Gained mutation: You are clumsy. (Dex -2) [potion of
                  | mutation]
  8322 | D:10     | Entered Level 10 of the Dungeon
  8374 | D:9      | Found a staircase to the Orcish Mines.
  8669 | D:9      | Found a glowing silver altar of Zin.
  8823 | D:9      | Reached skill level 14 in Axes
  8874 | D:9      | Reached **** piety under Trog
  9125 | D:10     | Noticed a gargoyle
  9139 | D:10     | Killed a gargoyle
  9292 | D:10     | Reached skill level 15 in Axes
  9413 | D:10     | Found a runed translucent gate.
  9413 | D:10     | Found an opulent altar of Gozag.
  9414 | D:10     | Found a runed translucent gate.
  9414 | D:10     | Found a runed translucent gate.
  9414 | D:10     | Noticed a four-headed hydra
  9441 | D:10     | Noticed Longtemps's ghost (journeyman OnCK)
  9444 | D:10     | Noticed a cyclops
  9896 | D:11     | Found a portal to a secret trove of treasure.
  9912 | D:11     | Reached XP level 11. HP: 95/95 MP: 10/10
 10022 | D:11     | Noticed a death yak
 10037 | D:11     | Killed a death yak
 10138 | D:11     | Noticed a death yak
 10168 | D:11     | Found a staircase to the Lair.
 10168 | D:11     | Noticed a death yak
 10177 | D:11     | Killed a death yak
 10178 | D:11     | Reached skill level 10 in Armour
 10178 | D:11     | Killed a death yak
 10179 | D:11     | Reached skill level 16 in Axes
 10437 | D:11     | Found a shimmering blue altar of Sif Muna.
 10822 | D:12     | Noticed a skeletal warrior
 10822 | D:12     | Noticed a skeletal warrior
 11023 | Lair:1   | Entered Level 1 of the Lair of Beasts
 11662 | Lair:2   | Noticed a skyshark
 11725 | Lair:1   | Noticed Nergalle
 11733 | Lair:1   | Killed Nergalle
 11734 | Lair:1   | Reached skill level 17 in Axes
 11746 | Lair:1   | Reached XP level 12. HP: 85/106 MP: 11/11
 11748 | Lair:1   | Reached skill level 10 in Fighting
 12690 | Lair:2   | Identified the +6 sling of Mayhem {drain, rN+ Int+3}
 12742 | Lair:2   | Reached ***** piety under Trog
 12772 | Lair:2   | Noticed a five-headed hydra
 12778 | Lair:2   | Killed a five-headed hydra
 13056 | Lair:3   | Noticed Sonja
 13060 | Lair:3   | Killed Sonja
 13127 | Lair:3   | You fall into a shaft and drop 2 floors!
 13127 | Lair:5   | Entered Level 5 of the Lair of Beasts
 13141 | Lair:5   | Reached skill level 1 in Evocations
 13151 | Lair:5   | Noticed a six-headed hydra
 13153 | Lair:5   | Reached skill level 5 in Throwing
 13175 | Lair:5   | Noticed a six-headed hydra
 13178 | Lair:5   | Succumbed to a cane toad's poison

Illustrated notes

Levels and vault maps discovered:
D:1:      minmay_arrival_nine_rooms, layout_basic, minmay_small_reverse_x
D:2:      layout_basic
D:3:      layout_rooms, xom_teletrap_fun, hangedman_feature_mirror,
          kennysheep_doodads, nicolae_twisty_statue_hallways
D:4:      layout_cave_pools, mainiacjoe_overflow_catwalk,
          mainiacjoe_overflow_swirl, minmay_temple_entry_junction_2
D:5:      layout_loops_ring, serial_shops, nicolae_shop_advertising_works
          [nicolae_subvault_shop_adworks], kennysheep_generic_room_5
D:6:      layout_basic, mainiacjoe_overflow_alcove_1,
          nicolae_overflow_hidden_temple, uniq_sigmund
D:7:      layout_rooms, kennysheep_generic_room_13, uniq_prince_ribbit1
D:8:      layout_layer_cave, mainiacjoe_overflow_small_starburst,
          grunt_temple_overflow_open
D:9:      layout_rooms, mainiacjoe_overflow_surrounded_room, old_standard_altar,
          hiddenorc2_lemuel
D:10:     layout_long_grid, ebering_ghost_gozag
D:11:     layout_loops_cross, dpeg_lair_monsters, enter_trove_3,
          lemuel_blue_sif_altar
D:12:     layout_stronghold, uniq_fannar, uniq_josephine
D:13:     layout_loops_ring, hellmonk_vaults_keyhole, amethyst_killhole
Temple:   hellmonk_temple_forest_ring
Lair:1:   layout_chaotic_city, grunt_forest_small_clearing_treed, uniq_nergalle
Lair:2:   layout_regular_city
Lair:3:   layout_small_grid, elwin_shoals_entry_stream,
          nicolae_spider_entry_orb_guardian, kennysheep_rathole, uniq_sonja
Lair:5:   minmay_lair_end_enchanted_forest, layout_cave_pods, minivault_25,
          evilmike_ambush [evilmike_ambush_outer_basic,
          evilmike_ambush_inner_basic], lemuel_fruit_tree, grunt_megastairs_2

Skill      XL: |  1  2  3  4  5  6  7  8  9 10 11 12 |
---------------+-------------------------------------+-----
Axes           | 3 4 5 6 7 9 11 13 15 17 | 17.1
Armour         | 4 5 6 8 9 11 13 | 13.1
Fighting       | 4 5 6 7 8 9 11 | 11.6
Shields        | 4 5 6 7 8 |  8.5
Throwing       | 1 2 3 5 |  5.1
Evocations     | 1 |  1.1

Action                     |  1- 3 |  4- 6 |  7- 9 | 10-12 || total
---------------------------+-------+-------+-------+-------++-------
  Melee: War axe           |    90 |   104 |   185 |   315 ||   694
         Headbutt          |    11 |     8 |    28 |    61 ||   108
         Morningstar       |       |       |       |     6 ||     6
  Throw: Javelin           |       |     1 |       |       ||     1
         Dart              |       |     2 |     1 |       ||     3
         Boomerang         |       |       |    14 |    39 ||    53
 Invoke: Berserk           |       |       |     3 |     6 ||     9
         Trog's Hand       |       |       |       |     5 ||     5
  Evoke: Wand              |       |       |     3 |     4 ||     7
    Use: Potion            |       |     4 |       |     4 ||     8
         Scroll            |       |       |       |     9 ||     9
 Armour: Scale mail        |    74 |    91 |    87 |       ||   252
         Chain mail        |       |       |    60 |    53 ||   113
         Plate armour      |       |       |       |   313 ||   313
  Dodge: Dodged            |    48 |    45 |   115 |   201 ||   409
  Block: Buckler           |    22 |    21 |    43 |    93 ||   179
